 Dungeon Crawl Stone Soup version 0.22-a0-136-g83a10e5 (webtiles) character file.

5656 mortelune the Frost Mage (level 10, -7/71 HPs)
             Began as a Demonspawn Ice Elementalist on Feb 3, 2018.
             Was a Follower of Ashenzari.
             Mangled by a thrashing horror (9 damage)
             ... on level 1 of the Abyss.
             The game lasted 00:50:27 (18865 turns).

mortelune the Frost Mage (DsIE)                    Turns: 18865, Time: 00:50:28

Health: -7/71      AC:  8    Str:  9      XL:     10   Next: 46%
Magic:  21/21      EV: 12    Int: 18 (20) God:    Ashenzari [*.....]
Gold:   475        SH:  0    Dex: 13      Spells: 9/23 levels left

rFire    . . .     SeeInvis .   E - +3 great sword
rCold    . . .     Gourm    +   (shield currently unavailable)
rNeg     . . .     Faith    .   a - +0 robe
rPois    .         Spirit   .   (helmet unavailable)
rElec    .         Reflect  .   w - +2 cloak (curse)
rCorr    .         Harm     .   (no gloves)
MR       .....                  r - +0 pair of boots
Stlth    +.........             q - amulet of the gourmand (curse)
HPRegen  0.21/turn              (no ring)
MPRegen  0.17/turn              (no ring)

@: confused
A: horns 3, iridescent scales 1, powered by death 1
a: Curse Item, Scrying, Renounce Religion


You were on level 1 of the Abyss.
You worshipped Ashenzari.
Ashenzari was aware of your devotion.
You were not hungry.

You visited 2 branches of the dungeon, and saw 10 of its levels.
You visited the Abyss 1 time.

You collected 475 gold pieces.

Inventory:

Hand Weapons
 d - a +0 mace
 E - a +3 great sword (weapon)
 I - a +2 falchion of flaming
Armour
 a - a +0 robe (worn)
 r - a +0 pair of boots (worn)
 w - a cursed +2 cloak (worn)
 A - a cursed +0 pair of gloves
 B - the +1 ring mail of the Shoals {Regen+ rCorr Stlth+}
   (You found it on level 7 of the Dungeon)

   It increases your rate of regeneration.
   It protects you from acid and corrosion.
   It makes you more stealthy.
Jewellery
 l - an uncursed amulet of rage
 q - a cursed amulet of the gourmand (around neck)
 C - a +5 ring of protection
Wands
 h - a wand of iceblast (3)
 y - a wand of digging (16)
 D - a wand of paralysis (9)
 F - a wand of polymorph (5)
 K - a wand of flame (43)
Scrolls
 g - 5 scrolls of enchant armour
 i - 3 scrolls of remove curse
 k - 4 scrolls of amnesia
 o - 4 scrolls of enchant weapon
 p - 2 scrolls of fog
 t - a scroll of magic mapping {unknown}
 u - 2 scrolls of noise
 v - a scroll of immolation {unknown}
 x - a scroll of fear {unknown}
Potions
 e - 2 potions of degeneration
 f - 2 potions of heal wounds
 j - a potion of lignification
 m - a potion of berserk rage
 s - a potion of haste
 G - a potion of brilliance {unknown}
Books
 b - a book of Frost

   Spells                             Type                      Level
   a - Freeze                         Ice                          1
   b - Throw Frost                    Conjuration/Ice              2
   c - Ozocubu's Armour               Charms/Ice                   3
   d - Throw Icicle                   Conjuration/Ice              4
   e - Summon Ice Beast               Ice/Summoning                4
Miscellaneous
 J - a fan of gales
Comestibles
 c - 14 rations


   Skills:
 + Level 3.8 Fighting
 - Level 1.7 Dodging
 - Level 1.7 Stealth
 + Level 7.4 Spellcasting
 + Level 7.8 Conjurations
 - Level 4.5 Summonings
 + Level 9.0 Ice Magic


You had 9 spell levels left.
You knew the following spells:

 Your Spells              Type           Power        Failure   Level  Hunger
a - Freeze                Ice            ####         1%          1    None
b - Throw Frost           Conj/Ice       #####.       1%          2    None
c - Ozocubu's Armour      Chrm/Ice       ###.....     4%          3    #......
d - Throw Icicle          Conj/Ice       #####...     3%          4    ###....
e - Summon Ice Beast      Ice/Summ       ####....     6%          4    ###....


Dungeon Overview and Level Annotations

Branches:
Dungeon (9/15)             Temple (1/1) D:5
   Lair: D:8-11         Orc: D:9-12

Altars:
Ashenzari
Cheibriados
Dithmenos
Elyvilon
Fedhas
Gozag
Hepliaklqana
Kikubaaqudgha
Makhleb
Nemelex Xobeh
Okawaru
Qazlal
Ru
Sif Muna
Trog
Uskayaw
Vehumet
Wu Jian
Xom
Yredelemnul
Zin
The Shining One

Annotations:
D:3 Karim's ghost, amateur GnCj
D:7 exclusion: statue
D:8 ThereIsNoGod's ghost, novice TrMo
D:9 Erolcha; Maurice


Innate Abilities, Weirdness & Mutations

You have a pair of large horns on your head.
You are partially covered in iridescent scales. (AC +2)
You regenerate a little health from kills.


Message History

The thrashing horror roars!
The thrashing horror barely misses you.
The thrashing horror tramples you but does no damage.
The golden eye blinks at you.
You are more confused.
The golden eye blinks at you. You resist with almost no effort.
The golden eye blinks!
The thrashing horror tramples you but does no damage.
The thrashing horror tramples you.
* * * LOW HITPOINT WARNING * * *
You hold your ground!
You're too confused!
You hit the thrashing horror but do no damage.
The thrashing horror barely misses you. The thrashing horror tramples you.
* * * LOW HITPOINT WARNING * * *
You hold your ground!
The thrashing horror tramples you!
* * * LOW HITPOINT WARNING * * *
You hold your ground!
The thrashing horror tramples you!
You die...

## .... ###### #
#.#.#
#...@##.##.#...#
#..###X##.#..#.#
#.. ##.§..#....
. #.....## ##
#.#.#..#### #.#
###.s## .. .. .
##..##... ..
##.#..#.## . #
...##...##§# .


You could see a demonic crawler and a thrashing horror.

Vanquished Creatures
  A troll (D:8)
  2 yaks (D:9)
  A vampire (D:9)
  2 ice beasts
  A phantom (D:7)
  2 sky beasts (D:8)
  A black bear (D:7)
  6 ogres
  A necrophage (D:9)
  4 centaurs
  3 big kobolds
  4 bullfrogs
  2 wyvern zombies
  3 scorpions
  A water moccasin skeleton (D:9)
  4 killer bees
  2 wights (D:8)
  A centaur zombie (D:8)
  A crimson imp (D:8)
  2 jellies
  3 orc priests
  2 bullfrog skeletons
  5 hounds
  9 orc wizards
  An iguana (D:7)
  7 worker ants
  A killer bee zombie (D:8)
  A worker ant zombie (D:7)
  A howler monkey skeleton (D:6)
  13 adders
  A white imp (Abyss:1)
  2 adder skeletons
  A worm (D:5)
  7 leopard geckos
  22 orcs
  5 bats
  5 giant cockroaches
  5 goblins
  3 hobgoblins (D:1)
  6 jackals
  12 kobolds
  A quokka (D:7)
  2 frilled lizards
  A leopard gecko skeleton (D:5)
  6 rats
166 creatures vanquished.

Vanquished Creatures (collateral kills)
  A glowing orange brain (Abyss:1)
  4 hippogriffs
  A wyvern (D:9)
  3 yaks (D:9)
  A ynoxinul (Abyss:1)
  The ghost of mortelune the Chiller, an amateur DsIE of Ashenzari (D:4)
  Duvessa (D:5)
  2 orc warriors
  2 ogres
  A centaur (D:7)
  Dowan (D:5)
  2 wights (D:8)
  A bullfrog zombie (D:9)
  A bullfrog skeleton (D:9)
  An orc wizard (D:9)
  An adder (D:8)
  An orc (D:9)
25 creatures vanquished.

Vanquished Creatures (others)
  A sky beast (D:5)
  A howler monkey skeleton (D:5)
  4 plants (D:9)
6 creatures vanquished.

Grand Total: 197 creatures vanquished

Notes
Turn   | Place    | Note
-------+----------+-------------------------------------------
     0 | D:1      | mortelune the Demonspawn Ice Elementalist began the quest for the Orb.
     0 | D:1      | Reached XP level 1. HP: 13/13 MP: 3/3
   259 | D:1      | Reached skill level 3 in Ice Magic
   259 | D:1      | Gained mutation: You are partially covered in iridescent scales. (AC +2) [demonic ancestry]
   259 | D:1      | Reached XP level 2. HP: 19/19 MP: 1/5
   406 | D:1      | Learned a level 2 spell: Throw Frost
  1444 | D:2      | Gained mutation: You have a pair of small horns on your head. [demonic ancestry]
  1444 | D:2      | Reached XP level 3. HP: 24/24 MP: 0/6
  3132 | D:3      | Learned a level 3 spell: Ozocubu's Armour
  3232 | D:3      | Reached XP level 4. HP: 28/30 MP: 0/8
  3483 | D:3      | Found a faded altar of an unknown god.
  3483 | D:3      | Noticed Karim's ghost (amateur GnCj)
  4285 | D:4      | Found a sacrificial altar of Ru.
  4481 | D:4      | Noticed mortelune's ghost (amateur DsIE)
  4662 | D:5      | Entered Level 5 of the Dungeon
  4736 | D:5      | Noticed an ogre
  4776 | D:4      | Reached XP level 5. HP: 33/35 MP: 0/10
  4868 | D:4      | Learned a level 4 spell: Throw Icicle
  5694 | D:4      | Reached skill level 4 in Ice Magic
  5923 | D:5      | Reached XP level 6. HP: 27/41 MP: 0/11
  6130 | D:5      | Killed a sky beast
  6417 | D:5      | Noticed Dowan
  6629 | D:5      | Noticed Duvessa
  6862 | D:5      | Gained mutation: You have a pair of horns on your head. [demonic ancestry]
  6862 | D:5      | Reached XP level 7. HP: 46/46 MP: 8/13
  6974 | D:5      | Reached skill level 5 in Ice Magic
  7161 | D:5      | Found a staircase to the Ecumenical Temple.
  7170 | Temple   | Entered the Ecumenical Temple
  7200 | Temple   | Became a worshipper of Ashenzari the Shackled
  7473 | D:6      | Learned a level 4 spell: Summon Ice Beast
  7484 | D:6      | Found a shadowy altar of Dithmenos.
  7484 | D:6      | Found a bloodstained altar of Trog.
  8132 | D:6      | Reached skill level 1 in Summonings
  8224 | D:6      | Reached skill level 5 in Spellcasting
  8427 | D:6      | Reached skill level 5 in Conjurations
  8427 | D:6      | Gained mutation: You regenerate a little health from kills. [demonic ancestry]
  8427 | D:6      | Reached XP level 8. HP: 52/52 MP: 5/15
  9288 | D:7      | Reached skill level 6 in Ice Magic
  9965 | D:7      | Noticed a hippogriff
 11304 | D:7      | Killed a hippogriff
 11304 | D:7      | Reached skill level 7 in Ice Magic
 11478 | D:7      | Got the uncursed ring mail of the Shoals {Regen+ rCorr Stlth+}
 11489 | D:7      | Identified the +1 ring mail of the Shoals {Regen+ rCorr Stlth+} (You found it on level 7 of the Dungeon)
 11513 | D:7      | Gained mutation: You have a pair of large horns on your head. [demonic ancestry]
 11513 | D:7      | Reached XP level 9. HP: 57/57 MP: 11/17
 11934 | D:7      | Found a radiant altar of Vehumet.
 12677 | D:8      | Paralysed by a big kobold for 5 turns
 12826 | D:8      | Found a burning altar of Makhleb.
 13380 | D:8      | Found a hide-covered altar of Uskayaw.
 13384 | D:8      | Noticed ThereIsNoGod's ghost (novice TrMo)
 13583 | D:5      | Killed Duvessa
 13692 | D:5      | Killed Dowan
 13851 | D:4      | Killed mortelune's ghost
 14997 | D:8      | Reached skill level 8 in Ice Magic
 15435 | D:8      | Reached skill level 1 in Fighting
 15879 | D:8      | Found a glowing golden altar of the Shining One.
 16106 | D:9      | Noticed Maurice
 16140 | D:9      | Noticed a troll
 16327 | D:9      | Found a snail-covered altar of Cheibriados.
 16721 | D:9      | Reached XP level 10. HP: 67/67 MP: 11/20
 18278 | D:9      | Found an opulent altar of Gozag.
 18278 | D:9      | Found a white marble altar of Elyvilon.
 18624 | D:9      | Noticed Erolcha
 18650 | D:9      | Cast into level 1 of the Abyss (Erolcha)
 18682 | Abyss:1  | Reached * piety under Ashenzari
 18703 | Abyss:1  | Noticed a glowing orange brain
 18712 | Abyss:1  | Killed a glowing orange brain
 18712 | Abyss:1  | Reached skill level 9 in Ice Magic
 18823 | Abyss:1  | Found a corrupted altar of Lugonu.
 18842 | Abyss:1  | Noticed a thrashing horror
 18865 | Abyss:1  | HP: 2/71 [thrashing horror (9)]
 18865 | Abyss:1  | Mangled by a thrashing horror

Vault maps used:
D:1:      minmay_arrival_five_plusses
D:3:      chequers_ecumenical_altar_island, minmay_fountain_box, minmay_cupped
D:4:      wad_river_or_something, old_standard_altar
D:5:      minmay_temple_entry_statues_pillars, first_ration,
          lemuel_flame_loot_1, uniq_duvessa
D:6:      gammafunk_temple_overflow_elements
D:7:      vehumet_statue
D:8:      minmay_distorted_concentric_squares, old_standard_altar,
          marbit_many_paths, kennysheep_mini
D:9:      grunt_temple_overflow_open, cheibriados_altar_1, orc_0_dummy,
          hangedman_ranch, kennysheep_small_square, uniq_erolcha, uniq_maurice
Temple:   minmay_temple_bridge_abc

Skill      XL: |  1  2  3  4  5  6  7  8  9 10 |
---------------+-------------------------------+-----
Ice Magic      | 3 4 5 7 8 9 |  9.0
Conjurations   | 2 3 4 5 7 |  7.8
Spellcasting   | 3 4 5 6 7 |  7.4
Summonings     | 1 3 4 |  4.5
Fighting       | 2 3 |  3.8
Dodging        | |  1.7
Stealth        | |  1.7

Action                   |  1- 3 |  4- 6 |  7- 9 | 10-12 || total
-------------------------+-------+-------+-------+-------++-------
Melee: Mace              |     7 |    33 |    37 |       ||    77
       Headbutt          |       |     3 |    11 |     3 ||    17
       Great sword       |       |       |     6 |    19 ||    25
 Cast: Freeze            |    35 |    66 |   108 |    13 ||   222
       Throw Frost       |    22 |    36 |    66 |     8 ||   132
       Ozocubu's Armour  |       |     3 |     4 |     2 ||     9
       Throw Icicle      |       |       |    74 |    25 ||    99
       Summon Ice Beast  |       |       |    32 |    22 ||    54
Invok: Curse Item        |       |       |     2 |       ||     2
  Use: Scroll            |     6 |     5 |     6 |     1 ||    18
       Potion            |       |     2 |     2 |     1 ||     5
  Eat: Chunk             |     8 |    11 |    43 |     6 ||    68
       Ration            |       |     1 |     2 |     1 ||     4
Armor: Robe              |     6 |    39 |    50 |    21 ||   116
Dodge: Dodged            |    38 |    42 |   126 |    41 ||   247
       Rpst.: Great sword |       |       |     9 |     5 ||    14

Table legend:
 A = Spawn XP
 B = Non-spawn XP
 C = Spawn XP percentage of total XP
 D = Spawn monster count
 E = Non-spawn monster count
 F = Spawn count percentage of total count
 G = Total turns spent on level
                    A         B        C        D         E        F      G
               +---------+---------+-------+---------+---------+-------+---------
         Total |      10 |    8071 |   0.1 |       1 |     190 |   0.5 | 18865
               +---------+---------+-------+---------+---------+-------+---------
           D:1 |       0 |      31 |   0.0 |       0 |      16 |   0.0 |  1409
           D:2 |       0 |      34 |   0.0 |       0 |       7 |   0.0 |  1362
           D:3 |       0 |      75 |   0.0 |       0 |      20 |   0.0 |  1796
           D:4 |       0 |     264 |   0.0 |       0 |      16 |   0.0 |  2206
           D:5 |       0 |     799 |   0.0 |       0 |      24 |   0.0 |  1780
           D:6 |       0 |     838 |   0.0 |       0 |      22 |   0.0 |  2608
           D:7 |       0 |    1082 |   0.0 |       0 |      25 |   0.0 |  2305
           D:8 |       0 |    2138 |   0.0 |       0 |      30 |   0.0 |  3907
           D:9 |       0 |    2342 |   0.0 |       0 |      28 |   0.0 |  1220
       Abyss:1 |      10 |     468 |   2.1 |       1 |       2 |  33.3 |   215
               +---------+---------+-------+---------+---------+-------+---------
